 Dungeon Crawl Stone Soup version 0.30.1-11-g7821555f0a (webtiles) character file.

Game seed: 13179174049560135576

249 porpoise the Shooter (level 6, -9/48 HPs)
             Began as a Barachi Hexslinger on Dec 31, 2023.
             Was an Initiate of Cheibriados.
             Mangled by an ogre
             ... wielding a +0 giant club
              (18 damage)
             ... on level 4 of the Dungeon.
             The game lasted 00:07:48 (2382 turns).

porpoise the Shooter (Barachi Hexslinger)           Turns: 2382, Time: 00:07:49

Health: -9/48      AC:  7    Str: 12    XL:     6   Next: 12%
Magic:  7/7        EV: 11    Int: 15    God:    Cheibriados [......]
Gold:   179        SH:  0    Dex: 21    Spells: 6/7 levels left

rFire   . . .        a - +1 sling
rCold   . . .        (no shield)
rNeg    . . .        s - +0 ring mail
rPois   .            (no helmet)
rElec   .            (no cloak)
rCorr   .            g - +1 pair of gloves
SInv    +            (no boots)
Will    .....        (no amulet)
Stlth   +            j - ring of see invisible
HPRegen 0.28/turn    o - +6 ring of dexterity
MPRegen 0.10/turn

%: no passive effects
@: very slow
A: amphibious, slowness 1, strong legs 1, +LOS
a: Hop, Renounce Religion


You were on level 4 of the Dungeon.
You worshipped Cheibriados.
Cheibriados was noncommittal.
You visited 1 branch of the dungeon, and saw 4 of its levels.

You collected 233 gold pieces.
You spent 54 gold pieces at shops.

Inventory:

Hand Weapons
 a - a +1 sling (weapon)
 b - a +2 short sword of holy wrath
 i - a +4 short sword
Missiles
 h - 2 poisoned darts
 n - 4 boomerangs
Armour
 c - a +0 robe
 g - a +1 pair of gloves (worn)
 s - a +0 ring mail (worn)
Magical Staves
 y - a staff of conjuration
Jewellery
 j - a ring of see invisible (left hand)
 o - a +6 ring of dexterity (right hand)
Scrolls
 d - a scroll of acquirement {unknown}
 e - 4 scrolls of poison
 f - a scroll of torment
 l - a scroll of fog
 m - 2 scrolls of immolation
 q - a scroll of teleportation {unknown}
 t - a scroll of amnesia {unknown}
 u - a scroll of enchant armour
 x - a scroll of blinking {unknown}
Potions
 k - a potion of heal wounds
 p - 3 potions of curing
 r - 2 potions of brilliance {unknown}
 v - a potion of ambrosia {unknown}
 w - a potion of might {unknown}


   Skills:
 + Level 4.1 Fighting
 * Level 5.2 Ranged Weapons
 + Level 0.0 Armour
 - Level 2.1 Dodging
 - Level 1.1 Spellcasting
 - Level 3.2 Hexes


You had 6 spell levels left.
You knew the following spells:

 Your Spells              Type           Power      Damage    Failure   Level
a - Slow                  Hex            40%        N/A       14%         1

Your spell library contained the following spells:

 Spells                   Type           Power      Damage    Failure   Level
 Summon Small Mammal      Summ           0%         N/A       50%         1
 Inner Flame              Hex/Fire       5%         N/A       63%         3
 Portal Projectile        Hex/Tloc       10%        N/A       63%         3
 Summon Guardian Golem    Hex/Summ       5%         N/A       63%         3
 Cause Fear               Hex            5%         N/A       82%         4
 Call Canine Familiar     Summ           0%         N/A       86%         3


Dungeon Overview and Level Annotations

Branches:
Dungeon (4/15)
 Temple: D:4-7

Altars:
Cheibriados
Dithmenos
Gozag
Ru
The Shining One

Shops:
D:2 *(*=


Innate Abilities, Weirdness & Mutations

You are amphibious.
You cover ground slowly.
You can hop short distances.
You have an extended range of vision and can be seen from far away.


Message History

Unknown command.
Unknown command.
Unknown command.
Your movement speed is very slow.
Your attack delay is about 1.2 (and is slowed by your armour).
Your damage rating with your +1 sling is about 11 (Base 7 x 127% (Dex) x 117% (Skill) + 1 (Ench)).
Your base attributes are Str 11, Int 14, Dex 14.
Unknown command.
Unknown command.
An ogre comes into view. It is wielding a +0 giant club.
The ogre shouts!
You shoot a sling bullet. The sling bullet hits the ogre.
The ogre is lightly wounded.
You shoot a sling bullet. The sling bullet hits the ogre.
The ogre is moderately wounded.
You shoot a sling bullet.
The sling bullet barely misses the ogre.
You shoot a sling bullet.
The sling bullet barely misses the ogre.
You shoot a sling bullet. The sling bullet hits the ogre.
The ogre is moderately wounded.
The ogre hits you with a +0 giant club!
You shoot a sling bullet. The sling bullet hits the ogre.
The ogre is heavily wounded.
The ogre hits you with a +0 giant club!!
You are too injured to fight recklessly!
You are too injured to fight recklessly!
You shoot a sling bullet. The sling bullet hits the ogre.
The ogre is heavily wounded.
The ogre barely misses you.
You shoot a sling bullet. The sling bullet hits the ogre.
The ogre is severely wounded.
You shoot a sling bullet. The sling bullet hits the ogre.
The ogre is almost dead.
The ogre hits you with a +0 giant club!
* * * LOW HITPOINT WARNING * * *
You shoot a sling bullet.
The sling bullet barely misses the ogre.
The ogre hits you with a +0 giant club!!
You die...

##.## ..## #..#
#.## .## ##..
#.## ...# ##.
#..## ....#
##..### #.....
###..####
##......
###...##........
##............
##..@O.....$.
##..........
###..#....# ###
..## ##


You could see an ogre.

Vanquished Creatures
  An ogre (D:3)
  A jelly (D:2)
  An orc priest (D:3)
  An orc wizard (D:3)
  3 adders
  5 orcs
  5 ball pythons
  4 bats
  5 endoplasms
  A giant cockroach (D:4)
  5 goblins
  5 hobgoblins
  3 quokkas
  A frilled lizard (D:3)
  4 kobolds
  A rat (D:3)
46 creatures vanquished.

Notes
Turn   | Place    | Note
-------+----------+-------------------------------------------
     0 | D:1      | porpoise the Barachi Hexslinger began the quest for the
                  | Orb.
     0 | D:1      | Reached XP level 1. HP: 15/15 MP: 2/2
   212 | D:1      | Reached XP level 2. HP: 22/22 MP: 3/3
   423 | D:2      | Found Daminit's Assorted Antiques.
   479 | D:2      | Bought a scroll labelled NOWNEE GI FIAP for 27 gold pieces
   479 | D:2      | Bought a scroll labelled JAONLU CUTAJE for 27 gold pieces
   567 | D:2      | Found Orefosti's Jewellery Shop.
   671 | D:2      | Reached skill level 3 in Ranged Weapons
   757 | D:2      | Found Maomolux's Weapon Boutique.
   761 | D:2      | Reached XP level 3. HP: 27/27 MP: 4/4
   782 | D:2      | Found Meadilo's General Store.
   884 | D:2      | Reached XP level 4. HP: 25/34 MP: 5/5
  1351 | D:3      | Reached skill level 4 in Ranged Weapons
  1358 | D:3      | Reached XP level 5. HP: 30/41 MP: 6/6
  1648 | D:3      | Found a snail-covered altar of Cheibriados.
  1651 | D:3      | Found a shadowy altar of Dithmenos.
  1652 | D:3      | Found an opulent altar of Gozag.
  1652 | D:3      | Found a glowing golden altar of the Shining One.
  1658 | D:3      | Became a worshipper of Cheibriados the Contemplative
  1750 | D:3      | Noticed an ogre
  1760 | D:3      | Killed an ogre
  1761 | D:3      | Reached skill level 5 in Ranged Weapons
  1761 | D:3      | Reached XP level 6. HP: 24/48 MP: 7/7
  2036 | D:3      | Found a sacrificial altar of Ru.
  2382 | D:4      | Mangled by an ogre

Illustrated notes

Levels and vault maps discovered:
D:1:      lightli_arrival_quake, layout_rooms, kennysheep_flooded_box,
          minmay_cupped
D:2:      layout_basic, serial_shops, shop, nicolae_shop_just_a_little_nook,
          shop, nicolae_shop_rolling_square, feat_on_display
D:3:      layout_loops_cross, grunt_temple_overflow_open,
          nicolae_ru_path_of_blood
D:4:      layout_layer_cave, uniq_blork_the_orc, uniq_menkaure

Skill      XL: |  1  2  3  4  5 |
---------------+----------------+-----
Fighting       | 2 3 4 |  4.1
Ranged Weapons | 3 4 5 |  5.2
Dodging        | |  2.1
Spellcasting   | |  1.1
Hexes          | |  3.2

Action                     |  1- 3 |  4- 6 || total
---------------------------+-------+-------++-------
   Fire: Sling             |    68 |    82 ||   150
    Use: Scroll            |     3 |     3 ||     6
 Armour: Robe              |     8 |     3 ||    11
         Ring mail         |       |     4 ||     4
  Dodge: Dodged            |    12 |    17 ||    29
